General information
- name: BNet
- type: Ladder team game (AT/RT)
- host: Battle.net
- saver: Ovid
map: GoldRush
- players: 8
- length: 53:49
- speed: Fast
- version: 1.26 W3XP
- replay type: Public
» download(274 KB)
Players
team 1 (winner)

»
nicolasrivard (
yellow | 37 APM | 1503 actions | 40:56)
5 Blademaster
1 Wind Walk
3 Critical Strike
1 Mirror Image
4 Beastmaster
1 Summon Bear
1 Summon Hawk
2 Summon Quilbeast
» actions
| Assign group hotkey | 38 | |
| Basic commands | 14 | |
| Build / train | 80 | |
| Enter build submenu | 23 | |
| Enter hero's abilities submenu | 10 | |
| Give item / drop item | 1 | |
| Right click | 473 | |
| Select / deselect | 240 | |
| Select group hotkey | 554 | |
| Use ability | 70 | |
1503 total
» units
| Peon | 11 | |
| Grunt | 6 | |
| Troll Headhunter/Berserker | 4 | |
| Forest Troll Berserker | 3 | |
| Forest Troll Shadow Priest | 4 | |
| Mud Golem | 3 | |
| Ogre Mauler | 2 | |
| Raider | 2 | |
| Wind Rider | 5 | |
| Kodo Beast | 1 | |
41 total
» upgrades
| Ranged Weapons | 2 | |
| Armor | 1 | |
| Melee Weapons | 1 | |
| Spiked Barricades | 1 | |
| Ensnare | 1 | |
| Envenomed Spears | 1 | |
| Berserker Strength | 1 | |
| Liquid Fire | 1 | |
| War Drums Damage Increase | 1 | |
| Berserker Upgrade | 1 | |
11 total
» buildings
| Orc Burrow | 6 | |
| Altar of Storms | 1 | |
| Barracks | 1 | |
| War Mill | 1 | |
| Voodoo Lounge | 1 | |
| Watch Tower | 8 | |
| Stronghold | 1 | |
| Great Hall | 2 | |
| Beastiary | 2 | |
| Fortress | 1 | |
24 total
» build order
00:11 Orc Burrow
00:24 Altar of Storms
00:31 Barracks
01:28 War Mill
02:07 Orc Burrow
02:34 Voodoo Lounge
03:04 Watch Tower
03:10 Watch Tower
03:49 Orc Burrow
05:02 Orc Burrow
05:24 Stronghold
07:39 Great Hall
08:00 Beastiary
08:01 Beastiary
11:21 Fortress
11:51 Orc Burrow
12:28 Watch Tower
12:29 Watch Tower
12:30 Watch Tower
23:20 Great Hall
23:23 Orc Burrow
24:53 Watch Tower
24:53 Watch Tower
24:54 Watch Tower
» items
| Scroll of Town Portal | 5 | |
| Scroll of Speed | 5 | |
| Healing Salve | 1 | |
| Potion of Healing | 1 | |
| Potion of Mana | 1 | |
| Periapt of Vitality | 1 | |
| Orb of Corruption | 1 | |
15 total
Ovid (
green | 53 APM | 2849 actions | 53:49)
7 Death Knight
3 Death Coil
3 Unholy Aura
1 Animate Dead
6 Goblin Tinker
3 Engineering Upgrade
2 Cluster Rockets
1 Robo-Goblin
» actions
| Assign group hotkey | 267 | |
| Basic commands | 62 | |
| Build / train | 119 | |
| Enter build submenu | 35 | |
| Enter hero's abilities submenu | 13 | |
| Give item / drop item | 6 | |
| Remove unit from queue | 8 | |
| Right click | 1090 | |
| Select / deselect | 581 | |
| Select group hotkey | 515 | |
| Use ability | 153 | |
2849 total
» units
| Acolyte | 5 | |
| Ghoul | 5 | |
| Crypt Fiend | 5 | |
| Obsidian Statue | 12 | |
| Frost Wyrm | 4 | |
31 total
» upgrades
| Creature Attack | 3 | |
| Creature Carapace | 3 | |
| Web | 1 | |
| Burrow | 1 | |
| Destroyer Form | 1 | |
| Ghoul Frenzy | 1 | |
| Cannibalize | 1 | |
| Unholy Armor | 3 | |
| Disease Cloud | 1 | |
| Unholy Strength | 3 | |
| Backpack | 1 | |
| Exhume Corpses | 1 | |
| Stone Form | 1 | |
| Freezing Breath | 1 | |
| Banshee Training | 2 | |
| Necromancer Training | 2 | |
| Skeletal Mastery | 1 | |
| Skeletal Longevity | 1 | |
28 total
» buildings
| Graveyard | 3 | |
| Crypt | 1 | |
| Altar of Darkness | 2 | |
| Ziggurat | 20 | |
| Nerubian Tower | 1 | |
| Spirit Tower | 15 | |
| Halls of the Dead | 3 | |
| Tomb of Relics | 2 | |
| Slaughterhouse | 3 | |
| Black Citadel | 2 | |
| Sacrificial Pit | 1 | |
| Boneyard | 1 | |
| Necropolis | 1 | |
| Temple of the Damned | 1 | |
56 total
» build order
00:10 Graveyard
00:19 Crypt
00:42 Altar of Darkness
00:58 Ziggurat
01:54 Nerubian Tower
01:57 Ziggurat
03:10 Ziggurat
04:05 Spirit Tower
06:18 Halls of the Dead
06:44 Ziggurat
07:23 Tomb of Relics
07:45 Ziggurat
07:46 Ziggurat
07:47 Ziggurat
07:48 Ziggurat
08:42 Spirit Tower
08:42 Spirit Tower
08:43 Spirit Tower
08:44 Spirit Tower
08:44 Spirit Tower
08:58 Slaughterhouse
09:46 Black Citadel
11:43 Spirit Tower
11:45 Spirit Tower
16:51 Ziggurat
16:52 Ziggurat
16:53 Ziggurat
16:54 Ziggurat
17:44 Spirit Tower
17:48 Spirit Tower
17:48 Spirit Tower
17:50 Spirit Tower
19:06 Slaughterhouse
19:09 Sacrificial Pit
25:31 Boneyard
29:32 Graveyard
30:28 Ziggurat
30:29 Ziggurat
30:30 Ziggurat
30:32 Ziggurat
31:36 Spirit Tower
32:19 Necropolis
32:23 Altar of Darkness
32:27 Tomb of Relics
32:30 Slaughterhouse
34:06 Halls of the Dead
34:16 Temple of the Damned
39:03 Graveyard
41:04 Ziggurat
41:05 Ziggurat
41:07 Ziggurat
41:08 Ziggurat
45:35 Black Citadel
48:00 Spirit Tower
» items
| Boots of Speed | 2 | |
| Staff of Teleportation | 2 | |
| Scroll of Healing | 2 | |
| Orb of Corruption | 4 | |
| Scroll of Town Portal | 1 | |
| Periapt of Vitality | 2 | |
13 total
TebowRunninWild (
purple | 34 APM | 1849 actions | 53:48)
10 Death Knight
3 Death Coil
3 Unholy Aura
3 Death Pact
1 Animate Dead
» actions
| Assign group hotkey | 52 | |
| Basic commands | 38 | |
| Build / train | 86 | |
| Enter build submenu | 30 | |
| Enter hero's abilities submenu | 10 | |
| Give item / drop item | 7 | |
| Remove unit from queue | 1 | |
| Right click | 972 | |
| Select / deselect | 333 | |
| Select group hotkey | 204 | |
| Use ability | 114 | |
1849 total
» units
| Acolyte | 15 | |
| Ghoul | 5 | |
| Frost Wyrm | 18 | |
38 total
» upgrades
| Creature Attack | 3 | |
| Freezing Breath | 1 | |
| Creature Carapace | 3 | |
7 total
» buildings
| Crypt | 3 | |
| Ziggurat | 9 | |
| Altar of Darkness | 1 | |
| Nerubian Tower | 1 | |
| Tomb of Relics | 1 | |
| Halls of the Dead | 1 | |
| Graveyard | 2 | |
| Black Citadel | 1 | |
| Sacrificial Pit | 1 | |
| Boneyard | 4 | |
| Spirit Tower | 2 | |
26 total
» build order
00:08 Crypt
00:09 Ziggurat
00:11 Crypt
00:47 Altar of Darkness
01:03 Nerubian Tower
02:11 Ziggurat
02:53 Tomb of Relics
03:01 Halls of the Dead
03:47 Graveyard
06:42 Black Citadel
07:45 Sacrificial Pit
07:48 Ziggurat
07:52 Ziggurat
07:53 Ziggurat
07:53 Ziggurat
10:18 Boneyard
10:19 Boneyard
10:20 Boneyard
10:29 Crypt
10:32 Graveyard
10:38 Boneyard
10:58 Ziggurat
11:22 Spirit Tower
11:30 Ziggurat
11:32 Ziggurat
14:57 Spirit Tower
» items
| Rod of Necromancy | 2 | |
| Boots of Speed | 1 | |
| Periapt of Vitality | 5 | |
| Staff of Teleportation | 1 | |
| Scroll of Town Portal | 6 | |
| Orb of Corruption | 1 | |
| Scroll of Healing | 3 | |
| Potion of Healing | 2 | |
| Potion of Mana | 3 | |
24 total

»
xDemonSlayerx (
pink | 34 APM | 1039 actions | 31:00)
5 Paladin
3 Holy Light
2 Divine Shield
3 Archmage
2 Blizzard
1 Brilliance Aura
» actions
| Build / train | 66 | |
| Enter build submenu | 28 | |
| Enter hero's abilities submenu | 8 | |
| Right click | 526 | |
| Select / deselect | 350 | |
| Use ability | 61 | |
1039 total
» units
| Peasant | 18 | |
| Footman | 7 | |
| Knight | 18 | |
43 total
» upgrades
| Swords | 3 | |
| Plating | 3 | |
| Lumber Harvesting | 2 | |
| Animal War Training | 1 | |
9 total
» buildings
| Altar of Kings | 1 | |
| Farm | 15 | |
| Barracks | 3 | |
| Keep | 1 | |
| Blacksmith | 1 | |
| Scout Tower | 1 | |
| Lumber Mill | 1 | |
| Town Hall | 2 | |
| Guard Tower | 1 | |
| Castle | 1 | |
| Arcane Vault | 1 | |
28 total
» build order
00:15 Altar of Kings
00:27 Farm
00:49 Barracks
01:14 Farm
02:25 Farm
03:48 Keep
04:20 Blacksmith
04:45 Scout Tower
05:21 Lumber Mill
05:26 Farm
06:01 Town Hall
06:34 Guard Tower
06:44 Castle
07:37 Barracks
07:56 Farm
08:07 Barracks
10:14 Farm
10:32 Farm
12:05 Farm
12:07 Farm
12:52 Farm
12:54 Farm
14:06 Arcane Vault
14:27 Farm
16:26 Farm
16:31 Farm
17:42 Farm
20:01 Town Hall
» items
team 2 (loser)
BoooMaV_Returns (
red | 83 APM | 1904 actions | 22:59)
3 Archmage
2 Summon Water Elemental
1 Brilliance Aura
2 Paladin
1 Holy Light
1 Devotion Aura
3 Mountain King
2 Storm Bolt
1 Bash
» actions
| Assign group hotkey | 51 | |
| Basic commands | 202 | |
| Build / train | 58 | |
| Enter build submenu | 26 | |
| Enter hero's abilities submenu | 8 | |
| Give item / drop item | 2 | |
| Remove unit from queue | 1 | |
| Right click | 715 | |
| Select / deselect | 364 | |
| Select group hotkey | 419 | |
| Use ability | 58 | |
1904 total
» units
| Peasant | 14 | |
| Footman | 4 | |
| Gryphon Rider | 8 | |
26 total
» upgrades
| Swords | 3 | |
| Storm Hammers | 1 | |
| Animal War Training | 1 | |
| Armor | 2 | |
7 total
» buildings
| Altar of Kings | 3 | |
| Farm | 9 | |
| Barracks | 2 | |
| Keep | 1 | |
| Blacksmith | 1 | |
| Arcane Vault | 1 | |
| Castle | 1 | |
| Lumber Mill | 1 | |
| Gryphon Aviary | 2 | |
| Town Hall | 2 | |
| Arcane Sanctum | 2 | |
25 total
» build order
00:16 Altar of Kings
00:23 Farm
01:00 Farm
01:17 Barracks
01:23 Farm
02:37 Barracks
02:50 Keep
04:14 Farm
04:18 Blacksmith
04:23 Farm
04:40 Arcane Vault
05:12 Castle
05:40 Lumber Mill
06:56 Gryphon Aviary
07:02 Gryphon Aviary
08:17 Farm
08:20 Farm
09:16 Farm
10:55 Town Hall
10:58 Farm
18:04 Altar of Kings
18:07 Altar of Kings
19:49 Town Hall
20:24 Arcane Sanctum
20:27 Arcane Sanctum
» items
| Scroll of Regeneration | 3 | |
| Lesser Clarity Potion | 2 | |
| Boots of Speed | 2 | |
| Orb of Fire | 1 | |
| Potion of Healing | 2 | |
| Potion of Mana | 1 | |
11 total

»
Tackhawk (
blue | 21 APM | 1156 actions | 53:48)
1 Priestess of the Moon
1 Scout
1 Keeper of the Grove
1 Thorns Aura
1 Demon Hunter
1 Immolation
» actions
| Assign group hotkey | 9 | |
| Basic commands | 21 | |
| Build / train | 78 | |
| Enter build submenu | 24 | |
| Enter hero's abilities submenu | 3 | |
| Give item / drop item | 1 | |
| Right click | 432 | |
| Select / deselect | 451 | |
| Select group hotkey | 82 | |
| Use ability | 54 | |
1156 total
» units
| Wisp | 33 | |
| Archer | 12 | |
| Glaive Thrower | 2 | |
| Footman | 4 | |
| Rifleman | 1 | |
52 total
» upgrades
| Improved Bows | 1 | |
| Nature's Blessing | 1 | |
| Strength of the Moon | 3 | |
| Strength of the Wild | 3 | |
| Ultravision | 1 | |
| Sentinel | 1 | |
| Well Spring | 1 | |
| Moon Armor | 2 | |
| Reinforced Hides | 2 | |
| Marksmanship | 1 | |
| Vorpal Blades | 1 | |
| Upgrade Moon Glaive | 1 | |
| Masonry | 1 | |
19 total
» buildings
| Ancient of War | 1 | |
| Altar of Elders | 1 | |
| Moon Well | 5 | |
| Tree of Ages | 1 | |
| Tree of Eternity | 1 | |
| Tree of Life | 5 | |
| Hunter's Hall | 1 | |
| Ancient Protector | 7 | |
22 total
» build order
00:30 Ancient of War
00:55 Altar of Elders
01:20 Moon Well
01:57 Moon Well
02:38 Moon Well
04:32 Tree of Ages
04:42 Moon Well
04:51 Moon Well
07:16 Tree of Eternity
08:11 Tree of Life
09:09 Tree of Life
10:50 Hunter's Hall
11:48 Tree of Life
12:04 Tree of Life
12:16 Ancient Protector
13:23 Ancient Protector
16:30 Ancient Protector
17:30 Ancient Protector
17:34 Ancient Protector
17:38 Ancient Protector
18:14 Ancient Protector
24:56 Tree of Life
TIMTEBOW-OWNS (
teal | 44 APM | 2375 actions | 53:48)
9 Blademaster
3 Wind Walk
3 Critical Strike
1 Bladestorm
2 Mirror Image
» actions
| Assign group hotkey | 29 | |
| Basic commands | 139 | |
| Build / train | 79 | |
| Enter build submenu | 26 | |
| Enter hero's abilities submenu | 9 | |
| Give item / drop item | 5 | |
| Remove unit from queue | 1 | |
| Right click | 851 | |
| Select / deselect | 343 | |
| Select group hotkey | 764 | |
| Use ability | 129 | |
2375 total
» units
| Peon | 21 | |
| Grunt | 2 | |
| Forest Troll Shadow Priest | 1 | |
| Wind Rider | 7 | |
| Shaman | 2 | |
| Troll Witch Doctor | 1 | |
34 total
» upgrades
| Reinforced Defenses | 1 | |
| Envenomed Spears | 1 | |
| Ranged Weapons | 2 | |
| Armor | 2 | |
| Liquid Fire | 1 | |
| Shaman Training | 2 | |
| Witch Doctor Training | 2 | |
11 total
» buildings
| Altar of Storms | 1 | |
| Orc Burrow | 7 | |
| Barracks | 1 | |
| Voodoo Lounge | 1 | |
| Stronghold | 1 | |
| War Mill | 1 | |
| Great Hall | 3 | |
| Fortress | 2 | |
| Beastiary | 3 | |
| Watch Tower | 35 | |
| Spirit Lodge | 2 | |
| Altar of Elders | 2 | |
| Ancient of War | 2 | |
61 total
» build order
00:07 Altar of Storms
00:16 Orc Burrow
00:37 Barracks
01:28 Orc Burrow
01:57 Voodoo Lounge
02:56 Stronghold
03:18 War Mill
03:45 Orc Burrow
04:22 Great Hall
05:55 Fortress
05:55 Fortress
06:00 Beastiary
06:20 Beastiary
06:23 Beastiary
06:42 Watch Tower
06:43 Watch Tower
07:00 Orc Burrow
07:02 Orc Burrow
08:06 Great Hall
09:13 Orc Burrow
10:25 Watch Tower
10:26 Watch Tower
10:26 Watch Tower
10:28 Watch Tower
10:28 Watch Tower
14:14 Watch Tower
14:15 Watch Tower
14:16 Watch Tower
16:37 Spirit Lodge
16:38 Spirit Lodge
17:36 Watch Tower
17:37 Watch Tower
17:37 Watch Tower
17:39 Watch Tower
21:27 Great Hall
23:35 Watch Tower
23:35 Watch Tower
23:36 Watch Tower
23:36 Watch Tower
23:36 Watch Tower
23:37 Watch Tower
23:38 Watch Tower
23:38 Watch Tower
23:40 Watch Tower
23:40 Watch Tower
23:42 Watch Tower
23:42 Watch Tower
23:43 Watch Tower
23:43 Watch Tower
27:11 Watch Tower
27:11 Watch Tower
27:11 Watch Tower
27:12 Watch Tower
27:12 Watch Tower
37:29 Altar of Elders
37:33 Altar of Elders
40:23 Ancient of War
40:23 Ancient of War
40:46 Orc Burrow
» items
| Healing Salve | 1 | |
| Potion of Lesser Invulnerability | 4 | |
| Staff of Teleportation | 1 | |
| Scroll of Town Portal | 3 | |
| Orb of Lightning | 1 | |
| Scroll of Healing | 3 | |
| Potion of Invisibility | 1 | |
| Boots of Speed | 2 | |
| Dust of Appearance | 1 | |
17 total
mixell (
orange | 58 APM | 1812 actions | 31:11)
9 Demon Hunter
3 Evasion
3 Mana Burn
1 Metamorphosis
2 Immolation
» actions
| Assign group hotkey | 45 | |
| Build / train | 93 | |
| Enter build submenu | 19 | |
| Enter hero's abilities submenu | 9 | |
| Give item / drop item | 3 | |
| Right click | 631 | |
| Select / deselect | 244 | |
| Select group hotkey | 677 | |
| Use ability | 91 | |
1812 total
» units
| Wisp | 28 | |
| Archer | 3 | |
| Dryad | 4 | |
| Druid of the Claw | 12 | |
| Hippogryph | 14 | |
| Gryphon Rider | 2 | |
63 total
» upgrades
| Druid of the Claw Training | 2 | |
| Mark of the Claw | 2 | |
| Strength of the Wild | 3 | |
| Reinforced Hides | 3 | |
10 total
» buildings
| Altar of Elders | 1 | |
| Moon Well | 7 | |
| Ancient of War | 1 | |
| Tree of Ages | 1 | |
| Hunter's Hall | 1 | |
| Tree of Eternity | 1 | |
| Ancient of Lore | 2 | |
| Tree of Life | 4 | |
| Ancient of Wonders | 1 | |
| Ancient of Wind | 2 | |
21 total
» build order
00:08 Altar of Elders
00:20 Moon Well
01:04 Ancient of War
01:25 Moon Well
02:33 Tree of Ages
03:04 Hunter's Hall
03:23 Moon Well
05:13 Tree of Eternity
05:18 Ancient of Lore
05:20 Ancient of Lore
05:29 Tree of Life
05:55 Moon Well
05:59 Ancient of Wonders
07:13 Moon Well
10:56 Moon Well
11:02 Tree of Life
14:12 Ancient of Wind
14:13 Ancient of Wind
16:39 Moon Well
26:44 Tree of Life
26:52 Tree of Life
» items
| Scroll of Town Portal | 4 | |
| Orb of Lightning | 1 | |
| Scroll of Speed | 1 | |
| Orb of Venom | 2 | |
8 total
Chat log
(00:24 / All) TebowRunninWild: Tim Tebow future GOAT
(00:25 / All) TIMTEBOW-OWNS: i love tebow
(00:33 / All) TebowRunninWild: That man will win 10 MVPs
(00:38 / All) TebowRunninWild: and 20 super bowls
(06:23 / Allies) xDemonSlayerx: gonna get knights
(09:17 / Allies) nicolasrivard: ok
(09:43 / Allies) xDemonSlayerx: wood pls
(10:00 / Allies) Ovid: tower up
(10:23 / Allies) TebowRunninWild: wood
(11:02 / Allies) TebowRunninWild: wood
(13:17 / Allies) xDemonSlayerx: out
(13:59 / Allies) xDemonSlayerx: get tps rdy
(14:01 / Allies) nicolasrivard: need wood
(14:46 / Allies) nicolasrivard: meet
(14:51 / Allies) Ovid: meet here
(15:24 / Allies) xDemonSlayerx: out
(15:28 / Allies) xDemonSlayerx: back
(16:20 / Allies) xDemonSlayerx: counter
(16:21 / Allies) xDemonSlayerx: gogo
(16:40 / Allies) nicolasrivard: 1
(16:51 / Allies) xDemonSlayerx: expos?
(17:24 / Allies) xDemonSlayerx: hit red
(18:03 / All) TebowRunninWild: little bitches
(19:15 / Allies) nicolasrivard: back
(20:22 / Allies) Ovid: expo hunt
(20:38 / Allies) xDemonSlayerx: everyone go together
(21:04 / Allies) xDemonSlayerx: need fiends
(21:30 / Allies) xDemonSlayerx: errbody get tps
(22:22 / Allies) xDemonSlayerx: lets go
(22:24 / Allies) xDemonSlayerx: attack
(22:28 / Allies) xDemonSlayerx: wait up
(22:34 / Allies) xDemonSlayerx: towers
(22:54 / All) BoooMaV_Returns: gg
(23:40 / Allies) xDemonSlayerx: web
(24:59 / Allies) xDemonSlayerx: help
(25:05 / Allies) xDemonSlayerx: green tp
(25:09 / Allies) xDemonSlayerx: i dont have web
(25:17 / Allies) Ovid: your hall died, I can't!
(25:24 / Allies) xDemonSlayerx: derp
(25:26 / Allies) xDemonSlayerx: too slow
(25:37 / Allies) xDemonSlayerx: red
(26:18 / Allies) xDemonSlayerx: wow
(26:22 / Allies) xDemonSlayerx: really green
(26:24 / All) Ovid: I am blackstabbing
(26:27 / All) Ovid: quiet whore
(26:38 / Allies) nicolasrivard: hello
(26:53 / Allies) nicolasrivard: why
(27:30 / Allies) xDemonSlayerx: why green!
(27:44 / Allies) xDemonSlayerx: lmao
(28:03 / All) Ovid: No heroes for you pink
(28:08 / All) Ovid: You suck cock and couldn't micro them anyway
(28:14 / Allies) xDemonSlayerx: lol green thinks i care enough about this game to be genuinely upset by this
(28:25 / All) xDemonSlayerx: lmao
(28:30 / All) xDemonSlayerx: green makes a lot of assumptions
(28:34 / All) Ovid: Pink, you are 36-37 w/l you are awful. Stfu and kill yourself
(28:41 / All) xDemonSlayerx: one being I care about this game and his backstabbing is hurting me deeply
(28:56 / All) Ovid: You are obviously very upset or else you would just leave
(28:59 / All) xDemonSlayerx: you are about to be 0-1
(29:00 / All) Ovid: You care about your w/l record
(29:01 / All) xDemonSlayerx: lmao
(29:09 / All) Ovid: This is a 0-0 stabbing account, I don't care
(29:32 / All) xDemonSlayerx: green makes accounts simply to backstab people, aaaand the winner of who cares most issss green!
(29:41 / All) Ovid: Nice knight micro btw
(29:57 / All) xDemonSlayerx: lmao im eating a sandwhich
(30:00 / All) xDemonSlayerx: its delicious
(30:03 / All) Ovid: Have fun fatass
(30:10 / All) xDemonSlayerx: haha
(30:13 / All) xDemonSlayerx: another wild assumption
(30:19 / All) xDemonSlayerx: big fan
(30:24 / All) Ovid: Are you American? If so, you are fat.
(30:31 / All) xDemonSlayerx: not american!
(30:33 / All) xDemonSlayerx: lose again!
(30:36 / All) Ovid: What, then?
(30:50 / All) TIMTEBOW-OWNS: yellow get the fuck ove rhere
(30:57 / All) xDemonSlayerx: haha green get a life buddy
(31:02 / All) Ovid: Owned
(31:22 / All) Ovid: Raped
(31:26 / All) TIMTEBOW-OWNS: gold count
(31:29 / All) TIMTEBOW-OWNS: i got 11k
(31:29 / All) Ovid: 5.7k
(31:41 / All) TebowRunninWild: 6.5
(34:28 / All) TIMTEBOW-OWNS: yellow wher eu at nigga
(34:36 / All) Ovid: He has expo bot right
(35:05 / All) TIMTEBOW-OWNS: wtf green u are enemy
(37:24 / Allies) TebowRunninWild: what?
(37:28 / Allies) Ovid: His BM
(37:36 / Allies) nicolasrivard: why
(37:37 / Allies) TebowRunninWild: That tacky ol' thing?
(37:53 / Allies) nicolasrivard: nice
(37:58 / Allies) Ovid: Just freeing up food
(39:55 / All) Ovid: God damn turncoat, I want this wisp xp
(39:57 / All) Ovid: You are level 9
(40:09 / Allies) nicolasrivard: what are you doing
(40:19 / All) Ovid: what are you doing - yellow
(40:33 / Allies) nicolasrivard: why u kill me
(40:40 / Allies) TebowRunninWild: You're ugly
(40:46 / Allies) Ovid: And obese
(40:46 / Allies) nicolasrivard: tnx
(41:05 / All) TebowRunninWild: Well
(41:32 / All) Ovid: 8.5k gold
(41:36 / All) TIMTEBOW-OWNS: blue u here
(41:40 / All) Tackhawk: yeah
(41:47 / All) Tackhawk: in name only
(42:00 / All) TIMTEBOW-OWNS: if u leave you get a tie ok? we want their team to lose
(42:16 / All) TIMTEBOW-OWNS: oj got good record actually
(42:30 / All) Ovid: Mixell is 394-400 team games
(42:40 / All) Ovid: He is just ok at solo
(42:50 / All) Ovid: I still need robogoblin
(43:47 / All) Ovid: Feed me?
(43:53 / All) Ovid: K good
(44:03 / All) Ovid: Almost level 6
(44:09 / All) TIMTEBOW-OWNS: wow moron u gotta move ur dk
(44:11 / All) TIMTEBOW-OWNS: u always do that
(44:14 / All) Ovid: I know
(44:20 / All) Ovid: Too lazy
(44:29 / All) TebowRunninWild: Nobody kills my acolytes!
(44:37 / All) Ovid: There we go
(44:57 / All) TIMTEBOW-OWNS: i killed reds heros in that big battle
(44:59 / All) TIMTEBOW-OWNS: he didnt notice
(45:04 / All) TIMTEBOW-OWNS: he even healed it
(45:34 / All) Ovid: Probably thought he was being raped by the enemy
(45:41 / All) TIMTEBOW-OWNS: so is that diablo release date just a rumor
(45:43 / All) TIMTEBOW-OWNS: no shit
(45:52 / All) Ovid: Not sure
(46:00 / All) Ovid: It might be a quick announcement and release date for hype
(46:07 / All) Ovid: Blizzard hasn't said anything
(46:19 / All) TIMTEBOW-OWNS: not sure if turncoat is gonna get d3
(46:26 / All) Ovid: I probably won't to be honest
(46:28 / All) TebowRunninWild: Probably not
(46:37 / All) TIMTEBOW-OWNS: i dont know if i will
(46:38 / All) TebowRunninWild: looks gay
(46:50 / All) TIMTEBOW-OWNS: thats such a joke, "buy 12 months of wow and get diablo 3 free"
(46:53 / All) Ovid: Would be fun if not for real money trading
(46:55 / All) Ovid: That killed it for me
(46:59 / All) Ovid: Plus the WoWfags
(47:21 / All) TIMTEBOW-OWNS: i told people over and over, d3 and sc2 are gonna be shit
(47:30 / All) TebowRunninWild: Lawl the real world trading was smart on their end
(47:36 / All) TebowRunninWild: idiots will sink hundreds into it
(47:48 / All) TIMTEBOW-OWNS: every jackass is gonna think he can find a rare piece of loot and get rich
(47:48 / All) TebowRunninWild: they'll make more than if it were subscription based
(47:49 / All) Ovid: Only Chinese people will make money off of it
(47:51 / All) TIMTEBOW-OWNS: its not gonna work like that
(48:07 / All) TebowRunninWild: Oh you can't buy it off blizzard?
(48:13 / All) TIMTEBOW-OWNS: 1 build left
(48:16 / All) TIMTEBOW-OWNS: u buy it off other players
(48:25 / All) TebowRunninWild: So that's just to cut down on scams
(48:28 / All) Ovid: You can buy characters too
(48:39 / All) Ovid: At the max of level 60, cap isn't 99
(48:47 / All) Ovid: PvP sucks cock and they aren't focusing on it
(48:54 / All) Ovid: You have to agree to be penetrated by other players too
(49:00 / All) Ovid: Unlike D2 where you could molest anyone
(49:08 / All) TIMTEBOW-OWNS: i remember when i bought my copy of starcraft 2
(49:10 / All) Ovid: Hardcore has no RMT, but will still suck
(49:19 / All) TIMTEBOW-OWNS: i couldn't find the disc, only 10 day free trial passes to world of warcraft
(49:26 / All) Ovid: Same
(50:04 / All) TIMTEBOW-OWNS: its such a horrible game turncoat aint missing anything
(50:07 / All) TIMTEBOW-OWNS: only one building left
(50:24 / All) Ovid: 10.5k gold 3.6k lumber
(50:56 / All) Ovid: I hate WC3's screenshot lag
(51:04 / All) Ovid: Saves them in TGAs too
(51:23 / All) Ovid: Turncoat's hero is at top mid goblin shop
(51:25 / All) Ovid: 2k HP, pro
(51:32 / All) TIMTEBOW-OWNS: dumbass don ttell him
(51:44 / All) Ovid: Tell him what? I said nothing
(51:57 / All) Ovid: Don't lag out negro
(52:11 / All) Ovid: I have everything in the undead tech tree
(52:14 / All) Ovid: All upgrades researched
(52:35 / All) TIMTEBOW-OWNS: my team gets the loss
(52:40 / All) Ovid: K
(52:41 / All) TIMTEBOW-OWNS: blue didn't respond back
(52:49 / All) TIMTEBOW-OWNS: great turncoat is gonna finish my shit so i dont have a choice
(52:50 / All) TIMTEBOW-OWNS: lawl
(52:54 / All) Ovid: He's in game, so he needs it
(53:04 / All) Tackhawk: i be here
(53:04 / All) Ovid: That tower will die so quickly
(53:08 / All) TIMTEBOW-OWNS: kill last tower green
(53:09 / All) TIMTEBOW-OWNS: goog
(53:12 / All) TIMTEBOW-OWNS: he is protecting it